 Dungeon Crawl Stone Soup version 0.29.1-13-g9f3cf754e1 (webtiles) character file.

Game seed: 5931489694301232560

51 PriceMaster the Insei (level 3, -2/34 HPs)
             Began as an Octopode Transmuter on Feb 4, 2023.
             Was a Follower of Kikubaaqudgha.
             Frozen to death by an endoplasm (3 damage)
             ... on level 2 of the Dungeon.
             The game lasted 00:04:17 (1542 turns).

PriceMaster the Insei (Octopode Transmuter)         Turns: 1542, Time: 00:04:17

Health: -2/34      AC: 21    Str:  9    XL:     3   Next: 81%
Magic:  1/6        EV:  2    Int: 15    God:    Kikubaaqudgha [*.....]
Gold:   52         SH:  0    Dex: 14    Spells: 2/6 levels left

rFire   . . .      SeeInvis .   i - +1 short sword (holy)
rCold   . . .      Faith    .   (no shield)
rNeg    . . .      Spirit   .   (helmet currently unavailable)
rPois   +          Reflect  .   (no amulet)
rElec   .          Harm     .   e - ring of wizardry
rCorr   .          Rampage  .   (no ring)
Will    .....      NoTele   +   (no ring)
Stlth   +.........              (no ring)
HPRegen 0.11/turn               (no ring)
MPRegen 0.10/turn               (no ring)
                                (no ring)
                                (no ring)

@: lethally poisoned (-2 -> -13), tree-form, wereblooded, very slightly
contaminated
A: stationary, stasis, torment immunity, boosted hp, almost no armour,
(amphibious), 8 rings, (camouflage 1), (gelatinous body 1), (nimble swimmer 1),
(tentacles)
a: Renounce Religion, Unearth Wretches


You were on level 2 of the Dungeon.
You worshipped Kikubaaqudgha.
Kikubaaqudgha was aware of your devotion.
You were a tree.
You visited 1 branch of the dungeon, and saw 2 of its levels.

You collected 52 gold pieces.

Inventory:

Hand Weapons
 b - a +0 whip
 i - a +1 short sword of holy wrath (weapon)
Jewellery
 e - a ring of wizardry (left branch)
Scrolls
 c - 5 scrolls of identify {unknown}
 d - a scroll of teleportation {unknown}
 g - a scroll of fog {unknown}
 h - a scroll of amnesia {unknown}
Potions
 f - a potion of ambrosia {unknown}


   Skills:
 + Level 1.0 Fighting
 + Level 0.1 Short Blades
 + Level 0.8 Maces & Flails
 + Level 2.0 Dodging
 + Level 0.2 Stealth
 + Level 3.6 Unarmed Combat
 + Level 2.4 Spellcasting
 + Level 0.5 Necromancy
 + Level 2.5 Transmutations


You had 2 spell levels left.
You knew the following spells:

 Your Spells              Type           Power      Damage    Failure   Level
a - Beastly Appendage     Tmut           18%        N/A       3%          1
b - Necrotise             Necr           12%        1d4       7%          1
c - Wereblood             Tmut           9%         N/A       4%          2

Your spell library contained the following spells:

 Spells                   Type           Power      Damage    Failure   Level
 Sublimation of Blood     Necr           3%         N/A       11%         2
 Spider Form              Tmut/Pois      5%         N/A       16%         3
 Vampiric Draining        Necr           3%         2d6       21%         3
 Tukima's Dance           Hex            1%         N/A       26%         3
 Ice Form                 Ice/Tmut       5%         N/A       43%         4
 Animate Dead             Necr           3%         N/A       52%         4
 Passage of Golubria      Tloc           1%         N/A       61%         4
 Yara's Violent Unravell  Hex/Tmut       2%         3d3       77%         5


Dungeon Overview and Level Annotations

Branches:
Dungeon (2/15)

Altars:
Kikubaaqudgha


Innate Abilities, Weirdness & Mutations

You are a tree.
Your roots penetrate the ground, keeping you stationary.
You cannot be teleported.
You are immune to unholy pain and torment.
Your maximum health is greatly increased.
You cannot wear most types of armour.
((You are amphibious.))
You can wear up to eight rings at the same time.
((Your skin changes colour to match your surroundings (Stealth+).))
((Your rubbery body absorbs attacks. (AC +1, EV +1)))
((You are camouflaged when in or above water. (Stealth+)))
((You have tentacles for arms and can constrict up to eight enemies at once.))


Message History

One of your tentacles grows a vicious spike.
The adder barely misses you.
Casting: Beastly Appendage (safe; 3% risk of failure)
Confirm with . or Enter, or press ? or * to list all spells.
Your blood is infused with primal strength.
The adder barely misses you. The adder closely misses you.
You closely miss the adder. You grab the adder. You squeeze the adder.
The adder is heavily wounded.
You constrict the adder. The adder bites you. The adder barely misses you.
The adder bites you.
You barely miss the adder.
Your tentacle spike misses the adder.
Your squeeze misses the adder.
The adder is heavily wounded.
You constrict the adder. The adder closely misses you.
The endoplasm freezes you.
You are frozen.
The adder barely misses you.
You hit the adder.
You feel a bit better.
You kill the adder!
Kikubaaqudgha accepts your kill. The adder bites you.
You are poisoned.
The adder poisons you! The endoplasm freezes you.
You are frozen.
The adder bites you.
You are lethally poisoned!
The adder poisons you! The endoplasm freezes you.
You are frozen.
* * * LOW HITPOINT WARNING * * *
Really quaff the potion of lignification?
Your tentacle spike disappears.
You turn into a tree.
Your roots penetrate the ground.
* * * LOW HITPOINT WARNING * * *
You feel very sick. The adder bites you.
* * * LOW HITPOINT WARNING * * *
The endoplasm freezes you.
You are frozen.
You die...
Kikubaaqudgha rasps: "You have failed me!
Welcome... death!"

#.. . #.# .. #.# ... #..
.... #.# .# .....##.# .
## .[....S.### ###. #.
.......♣..# #... ##.
......J+..### ###..# #..
.......#....# #....###.#
.......#....###....##..#
.......#..#.............
.......#..##..####.#####
.......#...........#
.......#.#....###..#
#.####......#


You could see an adder and an endoplasm.

Vanquished Creatures
  An adder (D:2)
  4 dart slugs
  2 bats (D:1)
  5 endoplasms
  2 giant cockroaches (D:1)
  4 goblins (D:1)
  3 hobgoblins
  A quokka (D:1)
  2 ball pythons
  3 kobolds (D:1)
  3 rats
30 creatures vanquished.

Notes
Turn   | Place    | Note
-------+----------+-------------------------------------------
     0 | D:1      | PriceMaster the Octopode Transmuter began the quest for the
                  | Orb.
     0 | D:1      | Reached XP level 1. HP: 13/13 MP: 3/3
   333 | D:1      | Found a faded altar of an unknown god.
   366 | D:1      | Reached XP level 2. HP: 16/18 MP: 1/5
   367 | D:1      | Prayed at the altar of an unknown god.
   367 | D:1      | Became a worshipper of Kikubaaqudgha
   367 | D:1      | Reached * piety under Kikubaaqudgha
   367 | D:1      | Received a gift from Kikubaaqudgha
   370 | D:1      | Learned a level 1 spell: Necrotise
   549 | D:1      | Learned a level 2 spell: Wereblood
   912 | D:1      | Reached XP level 3. HP: 22/23 MP: 2/6
  1542 | D:2      | HP: 1/34 [adder (3)]
  1542 | D:2      | Frozen to death by an endoplasm

Illustrated notes

Levels and vault maps discovered:
D:1:      dpeg_arrival_pond, layout_loops_ring,
          chequers_ecumenical_altar_island, minmay_pentomino_o4
D:2:      layout_basic, basic_altar, minmay_quantized

Action                   || total
-------------------------++-------
Melee: Whip              ||    32
       Tentacles         ||    12
       Constrict         ||    15
       Kick              ||     9
       Short sword       ||    13
 Cast: Beastly Appendage ||    21
       Necrotise         ||    24
       Wereblood         ||    12
  Use: Potion            ||     1
 Stab: Sleeping          ||     2
Armor: Skin              ||     5
Dodge: Dodged            ||    49
